 Dungeon Crawl Stone Soup version 0.25-a0-781-gc44aebf4fe (webtiles) character file.

Game seed: 1501089813208449372, levelgen mode: deterministic

396 Maedhros the Sneak (level 6, -2/38 HPs)
             Began as an Octopode Artificer on Apr 16, 2020.
             Slain by an orc warrior
             ... wielding a +0 flail
              (13 damage)
             ... on level 6 of the Dungeon.
             The game lasted 00:02:31 (1777 turns).

Maedhros the Sneak (Octopode Artificer)             Turns: 1777, Time: 00:02:31

Health: -2/38      AC:  1    Str: 11    XL:     6   Next: 82%
Magic:  8/8        EV: 13    Int: 14    God:
Gold:   51         SH:  0    Dex: 14    Spells: 5/5 levels left

rFire    . . .     SeeInvis .     - Unarmed
rCold    . . .     Gourm    .   (no shield)
rNeg     . . .     Faith    .   (helmet restricted)
rPois    .         Spirit   .   (no amulet)
rElec    .         Reflect  .   (no ring)
rCorr    .         Harm     .   (no ring)
MR       .....                  (no ring)
Stlth    ++++......             (no ring)
HPRegen  0.12/turn              (no ring)
MPRegen  0.11/turn              (no ring)
                                (no ring)
                                (no ring)

@: flying
A: almost no armour, stealthy swim, amphibious, 8 rings, constrict 8, camouflage
1, gelatinous body 1
a: no special abilities


You were on level 6 of the Dungeon.
You were hungry.

You visited 1 branch of the dungeon, and saw 6 of its levels.

You collected 51 gold pieces.

Inventory:

Armour
 k - a +0 buckler
Wands
 b - a wand of flame (4)
 c - a wand of enslavement (12)
Scrolls
 h - a scroll of remove curse {unknown}
 j - a scroll of immolation {unknown}
Potions
 g - a potion of haste {unknown}
Comestibles
 f - 8 rations


   Skills:
 - Level 1.0 Fighting
   Level 1.0 Short Blades
 - Level 2.0 Dodging
 + Level 5.6 Stealth
 * Level 5.3 Unarmed Combat
 - Level 3.2 Evocations


You had 5 spell levels left.
You didn't know any spells.
Your spell library was empty.

Dungeon Overview and Level Annotations

Branches:
Dungeon (6/15)
 Temple: D:4-7

Altars:

Shops:
D:5 [


Innate Abilities, Weirdness & Mutations

You cannot wear most types of armour.
You are very stealthy in the water. (Stealth+)
You are amphibious.
You can wear up to eight rings at the same time.
You can use your tentacles to constrict eight enemies at once.
Your skin changes colour to match your surroundings (Stealth+).
Your rubbery body absorbs attacks. (AC +1, EV +1)


Message History

The orc warrior hits you with a +0 flail!
You tentacle-slap the orc warrior but do no damage.
The orc warrior is moderately wounded.
You constrict the orc warrior, but do no damage.
The orc barely misses you.
The orc warrior hits you with a +0 flail.
You barely miss the orc warrior.
The orc warrior is moderately wounded.
You constrict the orc warrior, but do no damage.
The orc hits you. The orc warrior barely misses you.
You completely miss the orc warrior.
The orc warrior is moderately wounded.
You constrict the orc warrior. The orc hits you.
* * * LOW HITPOINT WARNING * * *
It was a potion of flight.
You feel very buoyant.
You fly up into the air.
You constrict the orc warrior, but do no damage.
The orc warrior hits you with a +0 flail!
You die...

............
.....############
...)............#
.###.##########.#
.#.....# #.#
.#.....# #.#
.#.....### #)# #
.#.......# ##'##.#
.#......## #..@o.#
.######.# #..o..#
.## #.# #.....#
.....##.######.....#
.............'.....#
.....##.######....##
.### ... .#'###
....% ..#. #......


You could see an orc warrior and an orc.

Vanquished Creatures
  An ogre (D:5)
  2 jellies
  A crimson imp (D:6)
  A bullfrog skeleton (D:4)
  A worker ant (D:4)
  An orc wizard (D:5)
  Terence (D:2)
  An adder (D:5)
  An ooze (D:1)
  A worm (D:3)
  A dart slug (D:1)
  2 orcs
  3 giant cockroaches (D:3)
  3 goblins
  A hobgoblin (D:1)
  A bat (D:3)
  2 frilled lizards
  2 kobolds (D:3)
  A leopard gecko skeleton (D:4)
  A leopard gecko zombie (D:5)
  2 rats (D:3)
30 creatures vanquished.

Vanquished Creatures (collateral kills)
  A crimson imp (D:6)
  An orc wizard (D:5)
  A worker ant (D:6)
3 creatures vanquished.

Grand Total: 33 creatures vanquished

Notes
Turn   | Place    | Note
-------+----------+-------------------------------------------
     0 | D:1      | Maedhros the Octopode Artificer began the quest for the
                  | Orb.
     0 | D:1      | Reached XP level 1. HP: 13/13 MP: 3/3
   176 | D:1      | Reached skill level 1 in Unarmed Combat
   397 | D:1      | Reached XP level 2. HP: 18/18 MP: 4/4
   405 | D:2      | Noticed Terence
   417 | D:2      | Killed Terence
   417 | D:2      | Reached XP level 3. HP: 14/23 MP: 5/5
   702 | D:4      | Reached XP level 4. HP: 8/28 MP: 6/6
  1050 | D:5      | Entered Level 5 of the Dungeon
  1106 | D:5      | Reached XP level 5. HP: 27/33 MP: 7/7
  1192 | D:5      | Noticed an ogre
  1198 | D:5      | Killed an ogre
  1198 | D:5      | Reached XP level 6. HP: 38/38 MP: 8/8
  1233 | D:5      | Reached skill level 5 in Stealth
  1243 | D:5      | Found Copsai's Armour Emporium.
  1406 | D:6      | Reached skill level 5 in Unarmed Combat
  1742 | D:6      | Noticed an orc warrior
  1777 | D:6      | Slain by an orc warrior

Levels and vault maps discovered:
D:1:      dpeg_arrival_tiny_b, layout_loops_ring, chequers_big_river,
          grunt_decor_mini_mirrors, serial_bayou_pond_d, minmay_tromino_i4
D:2:      layout_loops_cross, minmay_lizard_pond, uniq_terence
D:3:      layout_rooms, tso_altar, elyvilon_altar_4, first_ration
D:4:      layout_cave_pools, uniq_ijyb
D:5:      layout_gridville, serial_shops, shop_fountains
D:6:      layout_basic, kiku_gazebo_garden_becter,
          nicolae_overflow_crystal_walls, temple_fountains

Skill      XL: |  1  2  3  4  5  6 |
---------------+-------------------+-----
Unarmed Combat | 1 2 3 4 5 |  5.3
Stealth        | 2 3 4 5 |  5.6
Fighting       | |  1.0
Short Blades   | |  1.0
Dodging        | |  2.0
Evocations     | |  3.2

Action                   |  1- 3 |  4- 6 || total
-------------------------+-------+-------++-------
Melee: Short sword       |    47 |    34 ||    81
       Constrict         |    11 |    10 ||    21
       Tentacles         |     8 |    12 ||    20
       Punch             |       |     3 ||     3
       Unarmed           |       |    18 ||    18
Evoke: Wand              |     2 |    16 ||    18
  Use: Potion            |       |     3 ||     3
 Stab: Sleeping          |     7 |     1 ||     8
       Betrayed ally     |       |     1 ||     1
  Eat: Chunk             |       |     2 ||     2
Armor: Skin              |       |     1 ||     1
Dodge: Dodged            |    24 |    30 ||    54

Table legend:
 A = Non-vault XP
 B = Vault XP
 C = Vault XP percentage of total XP
 D = Non-vault monster count
 E = Vault monster count
 F = Vault count percentage of total count
                 A         B        C        D         E       F
            +---------+---------+-------+---------+---------+-------
      Total |     534 |      32 |   5.7 |      32 |       1 |   3.0
            +---------+---------+-------+---------+---------+-------
        D:1 |      16 |       0 |   0.0 |       5 |       0 |   0.0
        D:2 |       0 |      32 | 100.0 |       0 |       1 | 100.0
        D:3 |      21 |       0 |   0.0 |      12 |       0 |   0.0
        D:4 |      74 |       0 |   0.0 |       3 |       0 |   0.0
        D:5 |     254 |       0 |   0.0 |       7 |       0 |   0.0
        D:6 |     169 |       0 |   0.0 |       5 |       0 |   0.0
            +---------+---------+-------+---------+---------+-------
